 Dungeon Crawl Stone Soup version 0.30-a0-1008-g30c9307041 (webtiles) character file.

Game seed: 16611589146828126014

98 Maxmaps the Ducker (level 4, 0/35 HPs)
             Began as a Demonspawn Monk on Apr 5, 2023.
             Slain by Sigmund
             ... wielding a +0 scythe
              (8 damage)
             ... on level 3 of the Dungeon.
             The game lasted 00:03:11 (2294 turns).

Maxmaps the Ducker (Demonspawn Monk)                Turns: 2294, Time: 00:03:12

Health: 0/35       AC:  9    Str: 11    XL:     4   Next: 44%
Magic:  4/4        EV: 12    Int: 14    God:
Gold:   138        SH:  0    Dex: 17    Spells: 3/3 levels left

rFire   + + .      SeeInvis .    i - +0 dagger (freeze)
rCold   + . .      Faith    .    (no shield)
rNeg    . . .      Spirit   .    s - +2 ring mail {rF+}
rPois   +          Reflect  .    (no helmet)
rElec   +          Rampage  .    l - +0 cloak
rCorr   +                        c - +0 pair of gloves
Will    .....                    (no boots)
Stlth   ++                       (no amulet)
HPRegen 0.25/turn                (no ring)
MPRegen 0.09/turn                (no ring)

@: resistant, studying Dodging
A: hooves 1, thin skeletal structure 1
a: no special abilities


You were on level 3 of the Dungeon.
You visited 1 branch of the dungeon, and saw 3 of its levels.

You collected 138 gold pieces.

Inventory:

Hand Weapons
 i - a +0 dagger of freezing (weapon)
Armour
 a - a +0 robe
 c - a +0 pair of gloves (worn)
 l - a +0 cloak (worn)
 s - a +2 ring mail of fire resistance (worn)
Jewellery
 j - the ring of Cowardice {*Slow Fly rElec rC++ Dex+6}
   (You found it on level 3 of the Dungeon)

   [ring of dexterity]

   Dex:       It affects your dexterity (+6).
   rC:        It greatly protects you from cold.
   rElec:     It insulates you from electricity.
   Fly:       It grants you flight.
   *Slow:     It may slow you when you take damage.
Scrolls
 e - a scroll of enchant weapon
 f - a scroll of silence
 g - 2 scrolls of butterflies
 h - a scroll of blinking
 n - 2 scrolls of fog {unknown}
Potions
 d - a potion of degeneration


   Skills:
 - Level 3.0 Fighting
 + Level 1.4 Armour
 - Level 4.0 Dodging
 - Level 1.7 Stealth
 - Level 3.3 Unarmed Combat


You had 3 spell levels left.
You didn't know any spells.
Your spell library contained the following spells:

 Spells                   Type           Power      Damage    Failure   Level
 Freeze                   Ice            0%         1d3       56%         1
 Shock                    Conj/Air       0%         1d3       56%         1
 Frozen Ramparts          Ice            0%         1d1       90%         3
 Hailstorm                Conj/Ice       0%         3d3       90%         3
 Swiftness                Air            0%         N/A       90%         3
 Airstrike                Air            0%         2d(0-16)  100%        4


Dungeon Overview and Level Annotations

Branches:
Dungeon (3/15)

Altars:
Ashenzari

Annotations:
D:3 Sigmund


Innate Abilities, Weirdness & Mutations

You have large cloven feet.
You have a somewhat thin skeletal structure. (Dex +2, Stealth+)


Message History

You feel invigorated.
You are starting to lose your buoyancy.
The bat hits you but does no damage. The bat hits you.
* * * LOW HITPOINT WARNING * * *
You hit the bat. You freeze the bat.
You kill the bat!
Something hits you.
* * * LOW HITPOINT WARNING * * *
A puff of flame appears from out of thin air!
The puff of flame misses you.
You bump into the rock wall.
You hear some strange, mumbled words.
Something tries to affect you, but you resist.
Something hits you but does no damage.
You bump into the rock wall.
You feel less invigorated.
You feel less confused.
You float gracefully downwards.
Something hits you!
You hit something. You freeze something. Your kick misses something.
Something hits you but does no damage.
You miss something. You closely miss something.
Sigmund appears from thin air!
Reactivating autopickup.
Sigmund drinks a potion.
Sigmund flickers and vanishes!
Deactivating autopickup; reactivate with Ctrl-A.
You hit something. You freeze something.
You hear some strange, mumbled words.
You are confused.
Something hits you but does no damage. Something hits you!
You're too confused to move!
You bump into the rock wall.
You hear some strange, mumbled words.
A puff of flame appears from out of thin air!
The puff of flame hits you. You resist.
You bump into the rock wall.
Something hits you.
You bump into the rock wall.
Something hits you!
* * * LOW HITPOINT WARNING * * *
You bump into the rock wall.
You feel less confused. Something hits you!
You die...

#########.##......########
#.....#......#.#### ###
#.._..###......# #..
#.....# ####.###########..
#⌠#.#⌠# #....# #.....##..
###.#####.##(# #.###.....
#....##.##.# #.# #..#..
###........####.###..#..
#####@#####........#.. #{#
#.###.#..##. #.##
#.###.#..##.
#..####.##..#.....
#####.......##.##.###.
#....<.###.[##.##.###.
#.###..# #........)...
#.......###.#.####
#.##.#..###.#.#


There were no monsters in sight!

Vanquished Creatures
  4 adders
  A dart slug (D:2)
  7 ball pythons
  9 bats
  4 endoplasms
  6 giant cockroaches (D:2)
  4 hobgoblins (D:2)
  2 quokkas
  8 frilled lizards
  3 goblins
  11 kobolds
  3 rats
62 creatures vanquished.

Vanquished Creatures (others)
  5 plants (D:1)
5 creatures vanquished.

Grand Total: 67 creatures vanquished

Notes
Turn   | Place    | Note
-------+----------+-------------------------------------------
     0 | D:1      | Maxmaps the Demonspawn Monk began the quest for the Orb.
     0 | D:1      | Reached XP level 1. HP: 18/18 MP: 1/1
   244 | D:1      | Gained mutation: You have large cloven feet. [demonic
                  | ancestry]
   244 | D:1      | Reached XP level 2. HP: 24/24 MP: 2/2
   728 | D:1      | Reached skill level 3 in Dodging
   827 | D:2      | Reached XP level 3. HP: 23/29 MP: 3/3
  1064 | D:2      | Found a faded altar of an unknown god.
  1650 | D:2      | Reached skill level 4 in Dodging
  1650 | D:2      | Gained mutation: You have a somewhat thin skeletal
                  | structure. (Dex +2, Stealth+) [demonic ancestry]
  1650 | D:2      | Reached XP level 4. HP: 32/35 MP: 4/4
  1798 | D:3      | Noticed Sigmund
  1859 | D:3      | Identified a scroll of acquirement
  1859 | D:3      | Acquired a manual of Dodging
  1962 | D:3      | Identified the ring of Cowardice {*Slow Fly rElec rC++
                  | Dex+6}
  2084 | D:3      | Reached skill level 1 in Armour
  2231 | D:3      | Found a broken altar of Ashenzari.
  2274 | D:3      | HP: 1/35 [something (4)]
  2294 | D:3      | Slain by Sigmund

Illustrated notes

Levels and vault maps discovered:
D:1:      onia_arrival_pyramid, layout_loops_ring, amethyst_killhole,
          lexackson_kobold_supper
D:2:      layout_basic, basic_ecumenical_altar, minivault_19, minivault_26,
          minmay_worlds_worst_comb
D:3:      layout_loops_cross, mainiacjoe_overflow_alcove_2, uniq_sigmund

Skill      XL: |  1  2  3  4 |
---------------+-------------+-----
Unarmed Combat | 3 |  3.3
Dodging        | 3 4 |  4.0
Armour         | 1 |  1.4
Fighting       | |  3.0
Stealth        | |  1.7

Action                     |  1- 3 |  4- 6 || total
---------------------------+-------+-------++-------
  Melee: Unarmed           |   146 |    10 ||   156
         Punch             |     1 |       ||     1
         Kick              |    29 |    11 ||    40
         Dagger            |       |    34 ||    34
    Use: Scroll            |       |    12 ||    12
         Potion            |       |     5 ||     5
   Stab: Sleeping          |     5 |     3 ||     8
 Armour: Robe              |    34 |       ||    34
         Ring mail         |       |    27 ||    27
  Dodge: Dodged            |    80 |    31 ||   111

Table legend: (Time is in decaauts)
 A = Elapsed time spent in this place.
 B = Non-inter-level travel time spent in this place.
 C = Inter-level travel time spent in this place.
 D = Time resting spent in this place.
 E = Time spent auto-exploring this place.
 F = Levels seen in this place.
 G = Mean time per level.
                   A        B        C        D        E       F      G
               +--------+--------+--------+--------+--------+-----+--------+
         Total |   2285 |   2240 |     45 |    193 |   1531 |   3 |  761.7 |
       Dungeon |   2285 |   2240 |     45 |    193 |   1531 |   3 |  761.7 |
               +--------+--------+--------+--------+--------+-----+--------+

Top non-repeatable levels by time:
     D:2: 983 daAuts
     D:1: 802 daAuts
     D:3: 499 daAuts
